 Dungeon Crawl Stone Soup version 0.29.1-15-g9cfb28693d (webtiles) character file.

Game seed: 13208445648008641441

164 Monad the Digger (level 5, -9/28 HPs)
             Began as a Gargoyle Earth Elementalist on Apr 19, 2023.
             Mangled by an ogre
             ... wielding a +0 giant spiked club
              (35 damage)
             ... on level 4 of the Dungeon.
             The game lasted 00:07:36 (2207 turns).

Monad the Digger (Gargoyle Earth Elementalist)      Turns: 2207, Time: 00:07:37

Health: -9/28      AC:  8    Str: 12    XL:     5   Next: 45%
Magic:  5/8        EV: 11    Int: 17    God:
Gold:   97         SH:  0    Dex: 10    Spells: 2/8 levels left

rFire   . . .      SeeInvis .   l - staff of earth
rCold   . . .      Faith    .   (no shield)
rNeg    + . .      Spirit   .   a - +0 robe
rPois   ∞          Reflect  .   (no helmet)
rElec   +          Harm     .   m - +1 cloak
rCorr   .          Rampage  .   (no gloves)
Will    .....                   (no boots)
Stlth   ++........              (no amulet)
HPRegen 0.09/turn               (no ring)
MPRegen 0.11/turn               (no ring)

@: no status effects
A: sickness immunity, AC +4, negative energy resistance 1, electricity
resistance, torment resistance 1, petrification resistance
a: no special abilities


You were on level 4 of the Dungeon.
You visited 1 branch of the dungeon, and saw 4 of its levels.

You collected 97 gold pieces.

Inventory:

Hand Weapons
 g - a +3 short sword of holy wrath
Armour
 a - a +0 robe (worn)
 k - an orb of guile
 m - a +1 cloak (worn)
Magical Staves
 l - a staff of earth (weapon)
Scrolls
 c - a scroll of enchant weapon
 f - a scroll of identify
 i - a scroll of magic mapping {unknown}
 o - a scroll of poison {unknown}
 p - a scroll of summoning {unknown}
 r - a scroll of vulnerability {unknown}
Potions
 b - 4 potions of magic
 d - a potion of attraction {unknown}
 e - a potion of curing
 h - 2 potions of heal wounds
 j - a potion of resistance {unknown}
 n - a potion of cancellation {unknown}
 q - a potion of lignification {unknown}


   Skills:
 - Level 1.5 Dodging
 - Level 2.1 Stealth
 - Level 2.4 Spellcasting
 * Level 2.8 Conjurations
 - Level 0.7 Transmutations
 * Level 6.0 Earth Magic


You had 2 spell levels left.
You knew the following spells:

 Your Spells              Type           Power      Damage    Failure   Level
a - Sandblast             Erth           66%        2d15      1%          1
b - Stone Arrow           Conj/Erth      50%        3d10      9%          3
c - Passwall              Tmut/Erth      16%        N/A       7%          2

Your spell library contained the following spells:

 Spells                   Type           Power      Damage    Failure   Level
 Shock                    Conj/Air       24%        1d4       11%         1
 Petrify                  Tmut/Erth      20%        N/A       43%         4
 Swiftness                Air            2%         N/A       50%         3
 Hailstorm                Conj/Ice       6%         3d4       71%         4
 Ice Form                 Ice/Tmut       3%         N/A       85%         4
 Airstrike                Air            1%         2d(1-17)  88%         4
 Simulacrum               Ice/Necr       1%         N/A       100%        6


Dungeon Overview and Level Annotations

Branches:
Dungeon (4/15)
 Temple: D:4-7

Altars:

Shops:
D:1 [

Annotations:
D:2 1 runed translucent door, Crazy Yiuf
D:3 Sigmund


Innate Abilities, Weirdness & Mutations

You are immune to sickness and miasma.
Your stone body is resilient. (AC +4)
You are immune to poison.
You resist negative energy. (rN+)
You are resistant to electric shocks. (rElec)
You are resistant to unholy torment.
You are immune to petrification.


Message History

Aiming: Sandblast (safe; 1% risk of failure)
Press: ? - help, Shift-Dir - straight line, f - endoplasm
Aim: an endoplasm (98% to hit)
You feel a surge of power!
The blast of sand hits the endoplasm!
You kill the endoplasm!
An ogre comes into view. It is wielding a +0 giant spiked club.
Casting: Sandblast (safe; 1% risk of failure)
Confirm with . or Enter, or press ? or * to list all spells.
Aiming: Sandblast (safe; 1% risk of failure)
Press: ? - help, Shift-Dir - straight line, f - hobgoblin
Aim: a hobgoblin (84% to hit)
You feel a surge of power!
The blast of sand hits the hobgoblin.
The hobgoblin is heavily wounded.
The hobgoblin hits you but does no damage.
Casting: Sandblast (safe; 1% risk of failure)
Confirm with . or Enter, or press ? or * to list all spells.
Aiming: Sandblast (safe; 1% risk of failure)
Press: ? - help, Shift-Dir - straight line, f/p - hobgoblin
Aim: a hobgoblin (heavily wounded, 84% to hit)
You feel a surge of power!
The blast of sand hits the hobgoblin!
You kill the hobgoblin!
The ball python barely misses you. x2
A black bear comes into view.
The ball python attacks as you move away!
The ball python bites you but does no damage.
The ball python closely misses you. The ball python bites you.
The ball python misses you.
The ball python attacks as you move away!
The ball python misses you. The ball python barely misses you.
There is a stone staircase leading up here.
Casting: Sandblast (safe; 1% risk of failure)
Confirm with . or Enter, or press ? or * to list all spells.
Aiming: Sandblast (safe; 1% risk of failure)
Press: ? - help, Shift-Dir - straight line, f - ball python
Aim: a ball python (82% to hit)
You feel a surge of power!
The blast of sand hits the ball python!
You kill the ball python!
The ogre hits you with a +0 giant spiked club!!
Ouch! That really hurt!
You die...

#..# #.. .... #.. #.##.#
... . # .. .. #.. .#. ##.#
#.## ###.. ... # ##.. #..#
#.... #.###.##..#### #.#
#.##.
.....h..O...###.######.##.
#<####.#@.........>......
#...#O.###............##.
###....# ###..........##.
..####..#####.........###.
#....................######
##..##.....###...#........#
##....###.....#......###.>
#.... #...#...#........#
##.## #.#####......###..


You could see a black bear and an ogre.

Vanquished Creatures
  2 orc priests (D:3)
  A gnoll (D:2)
  2 adders
  A worm (D:2)
  3 dart slugs
  7 orcs
  3 bats
  5 endoplasms
  2 giant cockroaches
  7 goblins
  6 hobgoblins
  4 jackals (D:4)
  4 kobolds
  3 quokkas (D:1)
  3 ball pythons
  2 frilled lizards
  4 rats
59 creatures vanquished.

Notes
Turn   | Place    | Note
-------+----------+-------------------------------------------
     0 | D:1      | Monad the Gargoyle Earth Elementalist began the quest for
                  | the Orb.
     0 | D:1      | Reached XP level 1. HP: 10/10 MP: 3/3
   101 | D:1      | Reached skill level 4 in Earth Magic
   178 | D:1      | Reached XP level 2. HP: 15/15 MP: 1/5
   318 | D:1      | Found Odysm's Antique Armour Shoppe.
   503 | D:1      | Reached XP level 3. HP: 19/19 MP: 4/6
   688 | D:2      | Learned a level 3 spell: Stone Arrow
   691 | D:2      | Learned a level 2 spell: Passwall
   866 | D:2      | Found a runed translucent door.
   867 | D:2      | Noticed Crazy Yiuf
   937 | D:2      | Reached skill level 5 in Earth Magic
  1266 | D:2      | Reached skill level 1 in Conjurations
  1266 | D:2      | Reached XP level 4. HP: 24/24 MP: 3/7
  1697 | D:3      | Reached XP level 5. HP: 8/28 MP: 1/8
  1965 | D:3      | Noticed Sigmund
  2151 | D:4      | Reached skill level 6 in Earth Magic
  2197 | D:4      | Noticed an ogre
  2199 | D:4      | Noticed a black bear
  2207 | D:4      | Mangled by an ogre

Illustrated notes

Levels and vault maps discovered:
D:1:      dpeg_arrival_snail, layout_rooms, serial_shops,
          nicolae_shop_statue_plus, serial_park_tiny_pond, bh_walls_and_bars
D:2:      minmay_alternating_diamond, layout_basic, uniq_crazy_yiuf_cottage
D:3:      layout_basic, uniq_sigmund
D:4:      layout_rooms

Skill      XL: |  1  2  3  4  5 |
---------------+----------------+-----
Earth Magic    | 4 5 6 |  6.0
Conjurations   | 1 2 |  2.8
Dodging        | |  1.5
Stealth        | |  2.1
Spellcasting   | |  2.4
Transmutations | |  0.7

Action                   |  1- 3 |  4- 6 || total
-------------------------+-------+-------++-------
 Cast: Sandblast         |    40 |    33 ||    73
  Use: Scroll            |       |     3 ||     3
       Potion            |       |     1 ||     1
Armor: Robe              |       |     4 ||     4
Dodge: Dodged            |     5 |     8 ||    13
